 Dungeon Crawl Stone Soup version 0.21.0 (webtiles) character file.

350 MDvedh the Spear-Bearer (level 6, -2/44 HPs)
             Began as a Merfolk Gladiator on Jan 6, 2018.
             Was an Initiate of Yredelemnul.
             Slain by an ogre
             ... wielding a +0 giant club
              (24 damage)
             ... on level 4 of the Dungeon.
             The game lasted 00:05:37 (3132 turns).

MDvedh the Spear-Bearer (Merfolk Gladiator)         Turns: 3132, Time: 00:05:38

Health: -2/44      AC: 14    Str: 16    XL:     6   Next: 60%
Magic:  6/6        EV:  8    Int:  5    God:    Yredelemnul [......]
Gold:   113        SH:  0    Dex: 16    Spells: 5/5 levels left

rFire    . . .     SeeInvis .   a - +1 trident
rCold    . . .     Gourm    .   (no shield)
rNeg     . . .     Faith    .   t - +0 chain mail
rPois    .         Spirit   .   (no helmet)
rElec    +         Reflect  .   (no cloak)
rCorr    .         Harm     .   j - +0 pair of gloves
MR       .....                  n - +2 pair of boots
Stlth    ..........             (no amulet)
HPRegen  0.00/turn              (no ring)
MPRegen  0.10/turn              (no ring)

@: no status effects
A: change form in water, swift swim, stealthy swim, yellow scales 1, dopey 1,
electricity resistance, inhibited regeneration
a: Renounce Religion


You were on level 4 of the Dungeon.
You worshipped Yredelemnul.
Yredelemnul was noncommittal.
You were not hungry.

You visited 2 branches of the dungeon, and saw 5 of its levels.

You collected 243 gold pieces.
You spent 130 gold pieces at shops.

Inventory:

Hand Weapons
 a - a +1 trident (weapon)
Missiles
 d - 3 throwing nets (quivered)
Armour
 j - a +0 pair of gloves (worn)
 n - a +2 pair of boots (worn)
 q - a +0 helmet
 t - a +0 chain mail (worn)
Jewellery
 i - an uncursed ring of fire
Wands
 g - a wand of random effects (14)
Scrolls
 e - 4 scrolls of remove curse
 m - a scroll of noise
Potions
 b - a potion of heal wounds
 c - a potion of resistance
 h - 2 potions of berserk rage {unknown}
 o - a potion of flight {unknown}
 r - a potion of curing
Comestibles
 f - 7 rations


   Skills:
 - Level 2.1 Fighting
 + Level 10.3 Polearms
 - Level 2.0 Throwing
 - Level 4.0 Dodging


You had 5 spell levels left.
You didn't know any spells.

Dungeon Overview and Level Annotations

Branches:
Dungeon (4/15)             Temple (1/1) D:4

Altars:
Ashenzari
Cheibriados
Dithmenos
Elyvilon
Fedhas
Gozag
Hepliaklqana
Kikubaaqudgha
Makhleb
Nemelex Xobeh
Okawaru
Ru
Sif Muna
Trog
Uskayaw
Vehumet
Wu Jian
Xom
Yredelemnul
Zin
The Shining One

Shops:
D:4 (!=


Innate Abilities, Weirdness & Mutations

You revert to your normal form in water.
You are very nimble and swift while swimming.
You are very stealthy in the water. (Stealth+)
You are partially covered in yellow scales. (AC +2)
You are dopey. (Int -2)
You are resistant to electric shocks. (rElec)
You do not regenerate when monsters are visible.


Message History

Press: ? - help, Dir - move target cursor, f - ogre
Aim: an ogre, wielding a giant club You reach to attack!
Your chain mail prevents you from hitting the ogre.
You hit the ogre.
The ogre is lightly wounded.
The ogre hits you with a giant club!
You are too injured to fight recklessly!
You are too injured to fight recklessly!
You are too injured to fight recklessly!
You are too injured to fight recklessly!
You are too injured to fight recklessly!
You hit the ogre.
The ogre is moderately wounded.
You puncture the ogre!
The ogre is severely wounded.
The ogre hits you with a giant club!!
Ouch! That really hurt!
You die...
Your body rises from the dead as a mindless zombie.

*,,,,,*,,,,,#........#....
********,,###........####'
*,,,,,**,,#.....######....
*,,,,,*,,,+.....# #....
*,.,,,+,,,#.....# #....
*,...,*,,,#.....# #....
******,....#+###.....#
#....
*,,,,,,..............#
#....
*,,,,,,......O@.######
#.... *,,,,,,.........#
#.... *,,,,,,.........#
#.... *,,,,,,.........#
*,,,, *,,,,,,......?..#
*,,,, *,,,,,,.........#
*,,,, *,,,,,,.........#
*,,,, *,,,,,,.........#
*,,,, *****************
*****


You could see an ogre.

Vanquished Creatures
  An ogre (D:4)
  A scorpion (D:4)
  The ghost of tidbits the Sneak, a weakling FeEE (D:4)
  Terence (D:3)
  A worker ant (D:4)
  4 adders
  A shadow imp (D:2)
  2 oozes
  2 worms
  5 dart slugs
  5 leopard geckos
  An orc (D:3)
  6 bats
  3 giant cockroaches
  6 goblins
  7 hobgoblins
  2 jackals (D:4)
  2 quokkas (D:2)
  2 frilled lizards
  9 kobolds
  6 rats
68 creatures vanquished.

Notes
Turn   | Place    | Note
-------+----------+-------------------------------------------
     0 | D:1      | MDvedh the Merfolk Gladiator began the quest for the Orb.
     0 | D:1      | Reached XP level 1. HP: 16/16 MP: 1/1
   113 | D:1      | Reached skill level 5 in Polearms
   113 | D:1      | Reached XP level 2. HP: 22/22 MP: 2/2
   522 | D:1      | Reached skill level 6 in Polearms
   522 | D:1      | Reached XP level 3. HP: 27/27 MP: 3/3
   974 | D:2      | Reached XP level 4. HP: 33/33 MP: 4/4
   982 | D:2      | Reached skill level 7 in Polearms
  1656 | D:3      | Noticed Terence
  1688 | D:3      | Killed Terence
  1688 | D:3      | Reached skill level 8 in Polearms
  1688 | D:3      | Reached XP level 5. HP: 37/38 MP: 5/5
  2182 | D:4      | Gained mutation: You have a pair of small antennae on your head. [potion of mutation]
  2182 | D:4      | Gained mutation: You have sharp fingernails. [potion of mutation]
  2182 | D:4      | Gained mutation: You do not regenerate when monsters are visible. [potion of mutation]
  2182 | D:4      | Gained mutation: You are resistant to electric shocks. (rElec) [potion of mutation]
  2183 | D:4      | Lost mutation: You have sharp fingernails. [potion of mutation]
  2183 | D:4      | Lost mutation: You have a pair of small antennae on your head. [potion of mutation]
  2183 | D:4      | Gained mutation: You are dopey. (Int -2) [potion of mutation]
  2183 | D:4      | Gained mutation: You are partially covered in yellow scales. (AC +2) [potion of mutation]
  2259 | D:4      | Reached skill level 9 in Polearms
  2268 | D:4      | Found Irribota's Antique Weapon Emporium.
  2294 | D:4      | Found Heqis's Jewellery Shop.
  2304 | D:4      | Found a staircase to the Ecumenical Temple.
  2312 | Temple   | Entered the Ecumenical Temple
  2597 | Temple   | Became a worshipper of Yredelemnul the Dark
  2625 | D:4      | Found Eqeerch Yroim's Distillery.
  2640 | D:4      | Bought a potion of heal wounds for 65 gold pieces
  2640 | D:4      | Bought a potion of curing for 39 gold pieces
  2640 | D:4      | Bought 2 potions of degeneration for 26 gold pieces
  2851 | D:4      | Noticed tidbits's ghost (weakling FeEE)
  2895 | D:4      | Reached XP level 6. HP: 20/44 MP: 6/6
  2922 | D:4      | Killed tidbits's ghost
  3128 | D:4      | Reached skill level 10 in Polearms
  3132 | D:4      | Slain by an ogre

Skill      XL: |  1  2  3  4  5  6 |
---------------+-------------------+-----
Polearms       | 5 6 8 9 10 | 10.3
Fighting       | |  2.1
Throwing       | |  2.0
Dodging        | |  4.0

Action                   |  1- 3 |  4- 6 || total
-------------------------+-------+-------++-------
Melee: Trident           |   115 |   183 ||   298
  Use: Scroll            |       |     9 ||     9
       Potion            |       |     3 ||     3
 Stab: Sleeping          |     4 |       ||     4
  Eat: Ration            |       |     2 ||     2
       Chunk             |       |     1 ||     1
Armor: Leather armour    |    17 |    21 ||    38
       Chain mail        |       |    44 ||    44
Dodge: Dodged            |    65 |   100 ||   165
